Oilers vs Wild

Created - April-23-13 at 18:00

Goals
1 2 3 T
Oilers 0 2 3 5
Wild 3 0 0 3
Shots
1 2 3 T
Oilers 6 12 8 26
Wild 9 2 4 15

1st period

1. Wild , Milan Michalek 2 (Olli Jokinen) at 0:52
2. Wild , Bobby Ryan 1 (Olli Jokinen, Nicklas Lidstrom) at 1:09
3. Wild , Patrik Berglund 1 (Dan Hamhuis, Fedor Tyutin) at 19:20

Penalties :
No Penalty

2nd period

4. Oilers , Jason Pominville 2 (Jakub Voracek, Jan Hejda) at 1:50 (PP)
5. Oilers , Jason Pominville 3 (Tomas Holmstrom, Adam Burish) at 8:45

Penalties :
Bobby Ryan (MIN) for Close Hand On Puck (Minor) at 1:23, Dan Hamhuis (MIN) for Interference (Minor) at 18:33, David Backes (EDM) for Cross-checking (Minor) at 18:33

3rd period

6. Oilers , Scott Hannan 1 (Derek Roy, Jason Pominville) at 5:59 (PP)
7. Oilers , David Backes 1 (Jan Hejda) at 11:58 (SH)
8. Oilers , Dany Heatley 2 (Scott Hannan, Brian Boyle) at 19:47 (Empty Net)

Penalties :
Carl Gunnarsson (MIN) for High sticking (Minor) at 1:17, Tom Gilbert (MIN) for Tripping (Minor) at 4:38, Chris Phillips (EDM) for Tripping (Minor) at 11:09

Goalie Stats

Kari Lehtonen (EDM), 12 saves from 15 shots - (0.800), W, 3-1-0, 60:00 minutes
Niklas Backstrom (MIN), 21 saves from 25 shots - (0.840), L, 1-3-0, 59:14 minutes

Players Stats for Oilers

Player Name              G  A  P  +/- PIM S  H  SB GA TA FO     MP     PP MP  PK MP  
------------------------------------------------------------------------------------
Adam Burish              0  1  1   0  0   0  1  0  0  0  2/6     5:45   0:47   0:11 
Brian Boyle              0  1  1   0  0   0  1  0  0  0  10/17  17:44   0:00   1:13 
Chris Phillips           0  0  0  -2  2   0  2  0  0  0  0/0    19:02   0:00   0:00 
Dany Heatley             1  0  1   1  0   3  1  0  0  0  0/1    18:21   1:35   0:00 
David Backes             1  0  1   1  2   1  3  0  0  0  6/15   18:56   1:25   1:12 
Derek Roy                0  1  1   0  0   4  0  0  0  0  6/16   17:18   1:47   0:00 
Erik Gustafsson          0  0  0   2  0   0  0  1  0  0  0/0    16:33   0:00   0:30 
Jakub Voracek            0  1  1   0  0   2  0  0  0  0  0/0    17:56   1:36   0:00 
Jan Hejda                0  2  2  -1  0   3  1  1  0  0  0/0    23:10   1:36   1:30 
Jason Pominville         2  1  3  -1  0   5  1  0  0  0  0/0    22:52   1:47   0:47 
Jeff Schultz             0  0  0   2  0   0  3  1  0  0  0/0    18:38   0:12   0:45 
Jochen Hecht             0  0  0   0  0   1  0  0  0  0  2/2    17:11   0:00   0:35 
Mathieu Darche           0  0  0   1  0   0  0  0  0  0  0/1     1:20   0:00   0:00 
Mikael Samuelsson        0  0  0  -1  0   1  1  0  0  0  0/0    17:11   2:00   0:00 
Nate Guenin              0  0  0  -1  0   1  3  1  0  0  0/0    19:52   1:59   0:12 
Ruslan Fedotenko         0  0  0  -1  0   2  1  0  0  0  1/1    18:16   2:00   0:00 
Scott Hannan             1  1  2   0  0   1  0  1  0  0  0/0    21:08   2:11   1:01 
Tomas Holmstrom          0  1  1  -1  0   2  0  0  0  0  0/0     4:47   0:00   0:00 

Players Stats for Wild

Player Name              G  A  P  +/- PIM S  H  SB GA TA FO     MP     PP MP  PK MP  
------------------------------------------------------------------------------------
Alexei Ponikarovsky      0  0  0  -1  0   3  3  0  0  0  0/0    18:20   0:55   1:04 
Bobby Ryan               1  0  1   0  2   3  2  0  0  0  0/0    20:24   1:04   0:00 
Brian Gionta             0  0  0   0  0   0  1  0  0  0  0/0    20:21   0:55   2:43 
Brian Rolston            0  0  0   0  0   0  1  0  0  0  0/0    16:21   0:00   0:00 
Carl Gunnarsson          0  0  0   0  2   0  2  1  0  0  0/0    17:42   0:00   1:05 
Dan Hamhuis              0  1  1   2  2   1  1  3  0  0  0/0    20:52   1:04   1:59 
Fedor Tyutin             0  1  1   0  0   0  0  0  0  0  0/0    18:38   1:04   0:00 
Henrik Tallinder         0  0  0   0  0   1  3  1  0  0  0/0    17:45   0:00   1:48 
Jason Arnott             0  0  0   0  0   0  0  0  0  0  3/12   16:21   0:00   0:00 
Manny Malhotra           0  0  0   0  0   0  0  0  0  0  3/3     1:57   0:00   1:57 
Matt Bradley             0  0  0   0  0   0  0  0  0  0  0/0     0:14   0:00   0:00 
Michael Stone            0  0  0   0  0   0  0  0  0  0  0/0     0:00   0:00   0:00 
Milan Hejduk             0  0  0   0  0   0  0  0  0  0  0/0    15:28   0:00   0:46 
Milan Michalek           1  0  1   1  0   2  0  0  0  0  0/1    23:51   1:04   0:00 
Nicklas Lidstrom         0  1  1   0  0   1  1  0  0  0  0/0    23:46   0:55   2:08 
Olli Jokinen             0  2  2   1  0   0  1  1  0  0  17/27  23:51   1:04   0:00 
Patrik Berglund          1  0  1  -1  0   2  1  1  0  0  9/16   17:05   0:55   1:04 
Tom Gilbert              0  0  0  -2  2   2  2  0  0  0  0/0    21:14   0:55   0:34 

3 Stars

1 - Jason Pominville (EDM)
2 - Scott Hannan (EDM)
3 - Olli Jokinen (MIN)

Power Play

Oilers - 2 on 3 Attempt(s) - 66.67%
Wild - 0 on 1 Attempt(s) - 0.00%

Penalty Kill

Oilers - 1 on 1 Attempt(s) - 100.00% - Score 1 goal in Penalty Kill
Wild - 1 on 3 Attempt(s) - 33.33% - Score 0 goal in Penalty Kill

Official

Referees : Francis Charron and Mark Lemelin
Linesman : Dan Schachte and Pierre Racicot

Game Notes

Dany Heatley has scored in a empty net!

Finance

Level 1 -- Attendance: 6500 (100.00%) -- Ticket Income $650,000
Level 2 -- Attendance: 5000 (100.00%) -- Ticket Income $300,000
Level 3 -- Attendance: 3500 (100.00%) -- Ticket Income $122,500
Level 4 -- Attendance: 2064 (100.00%) -- Ticket Income $41,280
Luxury Box -- Attendance: 1000 (100.00%) -- Ticket Income $200,000
Game was played at the Xcel Energy Center
Total Attendance: 18064 (100.00%)
Total Ticket Income: $1,313,780
Other Income: $197,067
Total Income: $1,510,847


% Time on Ice - Oilers

Lines # - Real PCT - Wanted PCT - Time Play
Normal Forward
1 - 32% - 31% - 16:20
2 - 30% - 31% - 15:31
3 - 29% - 29% - 15:11
4 - 9% - 9% - 4:47
Normal Defense
1 - 37% - 39% - 19:03
2 - 32% - 32% - 16:36
3 - 29% - 24% - 15:09
4 - 2% - 5% - 1:01
PP Forward
1 - 47% - 60% - 1:47
2 - 53% - 40% - 2:00
PP Defense
1 - 42% - 50% - 1:36
2 - 58% - 50% - 2:11
PK Forward
1 - 61% - 50% - 1:12
2 - 39% - 50% - 0:47
PK Defense
1 - 92% - 50% - 1:49
2 - 8% - 50% - 0:10
PK3 Forward
1 - 0% - 50%
2 - 0% - 50%
PK3 Defense
1 - 0% - 50%
2 - 0% - 50%
44 Forward
1 - 55% - 50% - 1:05
2 - 45% - 50% - 0:54
44 Defense
1 - 55% - 50% - 1:05
2 - 45% - 50% - 0:54
Last Minute Offensive  - 0:00
Last Minute Defensive  - 0:26
Total
Forward - 60:00
Defense - 60:00

% Time on Ice - Wild

Lines # - Real PCT - Wanted PCT - Time Play
Normal Forward
1 - 32% - 40% - 16:17
2 - 28% - 30% - 14:42
3 - 32% - 20% - 16:21
4 - 8% - 10% - 4:21
Normal Defense
1 - 35% - 40% - 17:54
2 - 32% - 30% - 16:19
3 - 31% - 20% - 15:57
4 - 3% - 10% - 1:31
PP Forward
1 - 54% - 60% - 1:04
2 - 46% - 40% - 0:55
PP Defense
1 - 46% - 60% - 0:55
2 - 54% - 40% - 1:04
PK Forward
1 - 72% - 60% - 2:43
2 - 28% - 40% - 1:04
PK Defense
1 - 48% - 60% - 1:48
2 - 52% - 40% - 1:59
PK3 Forward
1 - 0% - 60%
2 - 0% - 40%
PK3 Defense
1 - 0% - 60%
2 - 0% - 40%
44 Forward
1 - 80% - 60% - 1:35
2 - 20% - 40% - 0:24
44 Defense
1 - 66% - 60% - 1:18
2 - 34% - 40% - 0:41
Last Minute Offensive  - 0:34
Last Minute Defensive  - 0:00
Total
Forward - 60:00
Defense - 60:00

Play by Play

1st period


0:01 of 1st period - David Backes wins face-off versus Olli Jokinen in neutral zone.
0:14 of 1st period - Shot by Jakub Voracek.
0:14 of 1st period - Stopped by Niklas Backstrom without a rebound.
0:15 of 1st period - Derek Roy wins face-off versus Patrik Berglund in Wild zone.
0:32 of 1st period - Shot by Jason Pominville.
0:32 of 1st period - Stopped by Niklas Backstrom without a rebound.
0:33 of 1st period - Ruslan Fedotenko wins face-off versus Jason Arnott in Wild zone.
0:33 of 1st period - Jeff Schultz is hit by Henrik Tallinder and loses puck.
0:50 of 1st period - Shot by Alexei Ponikarovsky.
0:50 of 1st period - Stopped by Kari Lehtonen without a rebound.
0:51 of 1st period - Olli Jokinen wins face-off versus Adam Burish in Oilers zone.
0:52 of 1st period - Shot by Milan Michalek.
0:52 of 1st period - Goal by Milan Michalek - Oilers : 0 - Wild : 1.
0:53 of 1st period - Adam Burish wins face-off versus Olli Jokinen in neutral zone.
1:09 of 1st period - Shot by Bobby Ryan.
1:09 of 1st period - Goal by Bobby Ryan - Oilers : 0 - Wild : 2.
1:10 of 1st period - David Backes wins face-off versus Jason Arnott in neutral zone.
1:20 of 1st period - Off-side.
1:21 of 1st period - Olli Jokinen wins face-off versus Derek Roy in neutral zone.
2:01 of 1st period - Shot by Jochen Hecht.
2:01 of 1st period - Shot Blocked by Dan Hamhuis.
2:03 of 1st period - Shot by Jason Pominville.
2:03 of 1st period - Shot Misses the Net.
2:13 of 1st period - Dan Hamhuis is hit by Brian Boyle and loses puck.
2:43 of 1st period - Icing by Brian Gionta.
2:44 of 1st period - Olli Jokinen wins face-off versus David Backes in Wild zone.
2:46 of 1st period - Icing by Milan Michalek.
2:47 of 1st period - Olli Jokinen wins face-off versus Dany Heatley in Wild zone.
3:16 of 1st period - Shot by David Backes.
3:16 of 1st period - Shot Blocked by Dan Hamhuis.
4:05 of 1st period - Icing by Mikael Samuelsson.
4:06 of 1st period - Brian Boyle wins face-off versus Patrik Berglund in Oilers zone.
4:15 of 1st period - Shot by Mikael Samuelsson.
4:15 of 1st period - Shot Misses the Net.
4:45 of 1st period - Shot by Jason Pominville.
4:45 of 1st period - Shot Blocked by Patrik Berglund.
4:59 of 1st period - Shot by Derek Roy.
4:59 of 1st period - Shot Misses the Net.
5:01 of 1st period - Shot by Jason Pominville.
5:01 of 1st period - Shot Misses the Net.
6:22 of 1st period - Carl Gunnarsson is hit by Jeff Schultz and loses puck.
6:43 of 1st period - Tom Gilbert is hit by Jeff Schultz and loses puck.
6:56 of 1st period - Shot by Tom Gilbert.
6:56 of 1st period - Shot Misses the Net.
7:12 of 1st period - Shot by Milan Michalek.
7:12 of 1st period - Shot Misses the Net.
7:14 of 1st period - Shot by Dan Hamhuis.
7:14 of 1st period - Stopped by Kari Lehtonen without a rebound.
7:15 of 1st period - Olli Jokinen wins face-off versus Adam Burish in Oilers zone.
8:02 of 1st period - Milan Michalek is hit by David Backes and loses puck.
8:49 of 1st period - Shot by Fedor Tyutin.
8:49 of 1st period - Shot Blocked by Jan Hejda.
8:59 of 1st period - David Backes is hit by Alexei Ponikarovsky and loses puck.
9:13 of 1st period - Milan Hejduk is hit by Chris Phillips and loses puck.
9:24 of 1st period - Shot by Bobby Ryan.
9:24 of 1st period - Stopped by Kari Lehtonen without a rebound.
9:25 of 1st period - Patrik Berglund wins face-off versus Derek Roy in Oilers zone.
10:14 of 1st period - Shot by Alexei Ponikarovsky.
10:14 of 1st period - Stopped by Kari Lehtonen without a rebound.
10:15 of 1st period - Brian Boyle wins face-off versus Milan Michalek in Oilers zone.
10:36 of 1st period - Shot by Milan Michalek.
10:36 of 1st period - Shot Blocked by Scott Hannan.
11:56 of 1st period - Shot by Dany Heatley.
11:56 of 1st period - Stopped by Niklas Backstrom without a rebound.
11:57 of 1st period - Derek Roy wins face-off versus Patrik Berglund in Wild zone.
12:00 of 1st period - Shot by Jason Pominville.
12:00 of 1st period - Deflect By Derek Roy.
12:00 of 1st period - Shot Blocked by Henrik Tallinder.
12:02 of 1st period - Shot by Derek Roy.
12:02 of 1st period - Stopped by Niklas Backstrom without a rebound.
12:03 of 1st period - Patrik Berglund wins face-off versus David Backes in Wild zone.
12:03 of 1st period - Bobby Ryan is hit by David Backes and loses puck.
14:10 of 1st period - Shot by Dan Hamhuis.
14:10 of 1st period - Shot Misses the Net.
14:24 of 1st period - Shot by Milan Michalek.
14:24 of 1st period - Stopped by Kari Lehtonen with a rebound.
14:36 of 1st period - Shot by Patrik Berglund.
14:36 of 1st period - Stopped by Kari Lehtonen without a rebound.
14:37 of 1st period - Jochen Hecht wins face-off versus Patrik Berglund in Oilers zone.
14:42 of 1st period - Jan Hejda is hit by Bobby Ryan and loses puck.
16:11 of 1st period - Jakub Voracek is hit by Henrik Tallinder and loses puck.
16:19 of 1st period - Icing by Carl Gunnarsson.
16:20 of 1st period - Adam Burish wins face-off versus Jason Arnott in Wild zone.
16:20 of 1st period - Adam Burish is hit by Carl Gunnarsson.
16:26 of 1st period - Shot by Jason Pominville.
16:26 of 1st period - Shot Hit the Post.
16:28 of 1st period - Shot by Jan Hejda.
16:28 of 1st period - Stopped by Niklas Backstrom with a rebound.
16:30 of 1st period - Shot by Jason Pominville.
16:30 of 1st period - Deflect By Tomas Holmstrom.
16:30 of 1st period - Stopped by Niklas Backstrom without a rebound.
16:31 of 1st period - Derek Roy wins face-off versus Olli Jokinen in Wild zone.
19:20 of 1st period - Shot by Patrik Berglund.
19:20 of 1st period - Goal by Patrik Berglund - Oilers : 0 - Wild : 3.
19:21 of 1st period - Olli Jokinen wins face-off versus Derek Roy in neutral zone.
19:31 of 1st period - Jan Hejda is hit by Brian Gionta and loses puck.

2nd period


0:01 of 2nd period - Derek Roy wins face-off versus Olli Jokinen in neutral zone.
0:58 of 2nd period - Icing by Scott Hannan.
0:59 of 2nd period - Brian Boyle wins face-off versus Patrik Berglund in Oilers zone.
0:59 of 2nd period - Brian Boyle is hit by Bobby Ryan.
1:23 of 2nd period - Minor Penalty to Bobby Ryan for Close Hand On Puck.
1:24 of 2nd period - Manny Malhotra wins face-off versus Derek Roy in Wild zone.
1:24 of 2nd period - Brian Gionta is hit by Jan Hejda and loses puck.
1:39 of 2nd period - Manny Malhotra is hit by Dany Heatley and loses puck.
1:44 of 2nd period - Shot by Jason Pominville.
1:44 of 2nd period - Shot Misses the Net.
1:50 of 2nd period - Shot by Jakub Voracek.
1:50 of 2nd period - Deflect By Jason Pominville.
1:50 of 2nd period - Goal by Jason Pominville - Oilers : 1 - Wild : 3.
1:51 of 2nd period - Olli Jokinen wins face-off versus Brian Boyle in neutral zone.
1:51 of 2nd period - Olli Jokinen is hit by Mikael Samuelsson.
1:58 of 2nd period - Nicklas Lidstrom is hit by Jeff Schultz.
2:09 of 2nd period - Brian Boyle is hit by Tom Gilbert.
2:16 of 2nd period - Mikael Samuelsson is hit by Nicklas Lidstrom and loses puck.
2:19 of 2nd period - Shot by Mikael Samuelsson.
2:19 of 2nd period - Shot Blocked by Olli Jokinen.
2:21 of 2nd period - Shot by Jeff Schultz.
2:21 of 2nd period - Shot Misses the Net.
2:23 of 2nd period - Shot by Jeff Schultz.
2:23 of 2nd period - Shot Misses the Net.
5:41 of 2nd period - Shot by Jason Pominville.
5:41 of 2nd period - Shot Misses the Net.
6:45 of 2nd period - Shot by Jason Pominville.
6:45 of 2nd period - Shot Misses the Net.
8:17 of 2nd period - David Backes is hit by Patrik Berglund and loses puck.
8:43 of 2nd period - Shot by Jason Pominville.
8:43 of 2nd period - Deflect By Tomas Holmstrom.
8:43 of 2nd period - Stopped by Niklas Backstrom with a rebound.
8:45 of 2nd period - Shot by Jason Pominville.
8:45 of 2nd period - Goal by Jason Pominville - Oilers : 2 - Wild : 3.
8:46 of 2nd period - Brian Boyle wins face-off versus Jason Arnott in neutral zone.
8:55 of 2nd period - Shot by Brian Boyle.
8:55 of 2nd period - Shot Misses the Net.
8:57 of 2nd period - Shot by Brian Boyle.
8:57 of 2nd period - Shot Misses the Net.
8:59 of 2nd period - Shot by Jan Hejda.
8:59 of 2nd period - Stopped by Niklas Backstrom without a rebound.
9:00 of 2nd period - Brian Boyle wins face-off versus Jason Arnott in Wild zone.
9:01 of 2nd period - Shot by Mikael Samuelsson.
9:01 of 2nd period - Shot Misses the Net.
9:03 of 2nd period - Shot by Ruslan Fedotenko.
9:03 of 2nd period - Stopped by Niklas Backstrom without a rebound.
9:04 of 2nd period - David Backes wins face-off versus Jason Arnott in Wild zone.
9:51 of 2nd period - Brian Rolston is hit by Ruslan Fedotenko and loses puck.
11:03 of 2nd period - Shot by Derek Roy.
11:03 of 2nd period - Deflect By Jason Pominville.
11:03 of 2nd period - Shot Misses the Net.
11:05 of 2nd period - Shot by Jason Pominville.
11:05 of 2nd period - Stopped by Niklas Backstrom with a rebound.
11:07 of 2nd period - Shot by Scott Hannan.
11:07 of 2nd period - Shot Misses the Net.
11:29 of 2nd period - Shot by Jakub Voracek.
11:29 of 2nd period - Stopped by Niklas Backstrom without a rebound.
11:30 of 2nd period - David Backes wins face-off versus Patrik Berglund in Wild zone.
11:34 of 2nd period - Icing by Carl Gunnarsson.
11:35 of 2nd period - Patrik Berglund wins face-off versus Brian Boyle in Wild zone.
12:46 of 2nd period - Jason Pominville is hit by Dan Hamhuis and loses puck.
13:00 of 2nd period - Jason Pominville is hit by Brian Rolston and loses puck.
13:05 of 2nd period - Shot by Nate Guenin.
13:05 of 2nd period - Deflect By Derek Roy.
13:05 of 2nd period - Stopped by Niklas Backstrom without a rebound.
13:06 of 2nd period - Olli Jokinen wins face-off versus David Backes in Wild zone.
13:06 of 2nd period - Olli Jokinen is hit by David Backes.
13:32 of 2nd period - Dany Heatley is hit by Olli Jokinen and loses puck.
14:07 of 2nd period - Shot by Derek Roy.
14:07 of 2nd period - Shot Misses the Net.
14:12 of 2nd period - Off-side.
14:13 of 2nd period - Patrik Berglund wins face-off versus Adam Burish in neutral zone.
14:43 of 2nd period - Milan Hejduk is hit by Adam Burish and loses puck.
15:14 of 2nd period - Icing by Nate Guenin.
15:15 of 2nd period - Brian Boyle wins face-off versus Jason Arnott in Oilers zone.
15:33 of 2nd period - Scott Hannan is hit by Alexei Ponikarovsky and loses puck.
16:14 of 2nd period - Shot by Jakub Voracek.
16:14 of 2nd period - Shot Misses the Net.
16:37 of 2nd period - Icing by Carl Gunnarsson.
16:38 of 2nd period - Jason Arnott wins face-off versus Derek Roy in Wild zone.
17:03 of 2nd period - Shot by Jason Pominville.
17:03 of 2nd period - Deflect By Derek Roy.
17:03 of 2nd period - Shot Blocked by Carl Gunnarsson.
17:05 of 2nd period - Shot by Jason Pominville.
17:05 of 2nd period - Stopped by Niklas Backstrom without a rebound.
17:06 of 2nd period - Olli Jokinen wins face-off versus Brian Boyle in Wild zone.
17:14 of 2nd period - Icing by Ruslan Fedotenko.
17:15 of 2nd period - Olli Jokinen wins face-off versus Brian Boyle in Oilers zone.
17:27 of 2nd period - Brian Boyle is hit by Tom Gilbert and loses puck.
17:46 of 2nd period - Shot by Ruslan Fedotenko.
17:46 of 2nd period - Shot Misses the Net.
17:48 of 2nd period - Shot by Brian Boyle.
17:48 of 2nd period - Shot Misses the Net.
18:06 of 2nd period - Icing by Chris Phillips.
18:07 of 2nd period - Patrik Berglund wins face-off versus Derek Roy in Oilers zone.
18:14 of 2nd period - Shot by Derek Roy.
18:14 of 2nd period - Shot Misses the Net.
18:16 of 2nd period - Shot by Jan Hejda.
18:16 of 2nd period - Shot Blocked by Dan Hamhuis.
18:18 of 2nd period - Shot by Jochen Hecht.
18:18 of 2nd period - Stopped by Niklas Backstrom with a rebound.
18:20 of 2nd period - Shot by Derek Roy.
18:20 of 2nd period - Shot Misses the Net.
18:22 of 2nd period - Shot by Derek Roy.
18:22 of 2nd period - Stopped by Niklas Backstrom with a rebound.
18:24 of 2nd period - Shot by Jan Hejda.
18:24 of 2nd period - Stopped by Niklas Backstrom without a rebound.
18:25 of 2nd period - David Backes wins face-off versus Patrik Berglund in Wild zone.
18:33 of 2nd period - Minor Penalty to Dan Hamhuis for Interference.
18:33 of 2nd period - Minor Penalty to David Backes for Cross-checking.
18:34 of 2nd period - Olli Jokinen wins face-off versus Brian Boyle in Wild zone.
18:51 of 2nd period - Shot by Milan Michalek.
18:51 of 2nd period - Shot Misses the Net.
18:53 of 2nd period - Shot by Tom Gilbert.
18:53 of 2nd period - Stopped by Kari Lehtonen without a rebound.
18:54 of 2nd period - Jochen Hecht wins face-off versus Olli Jokinen in Oilers zone.
19:02 of 2nd period - Olli Jokinen is hit by Nate Guenin and loses puck.
19:26 of 2nd period - Milan Michalek is hit by Nate Guenin.
19:56 of 2nd period - Shot by Bobby Ryan.
19:56 of 2nd period - Shot Misses the Net.
19:58 of 2nd period - Shot by Tom Gilbert.
19:58 of 2nd period - Stopped by Kari Lehtonen without a rebound.
19:59 of 2nd period - Brian Boyle wins face-off versus Olli Jokinen in Oilers zone.

3rd period


0:01 of 3rd period - Olli Jokinen wins face-off versus Mathieu Darche in neutral zone.
0:29 of 3rd period - Shot by Milan Michalek.
0:29 of 3rd period - Shot Misses the Net.
0:50 of 3rd period - Icing by Jason Pominville.
0:51 of 3rd period - Derek Roy wins face-off versus Jason Arnott in Oilers zone.
0:51 of 3rd period - Jason Pominville is hit by Alexei Ponikarovsky.
1:16 of 3rd period - Jason Pominville is hit by Carl Gunnarsson.
1:17 of 3rd period - Minor Penalty to Carl Gunnarsson for High sticking.
1:18 of 3rd period - Manny Malhotra wins face-off versus David Backes in Wild zone.
3:12 of 3rd period - Shot by Jason Pominville.
3:12 of 3rd period - Shot Misses the Net.
3:14 of 3rd period - Shot by Dany Heatley.
3:14 of 3rd period - Stopped by Niklas Backstrom without a rebound.
3:15 of 3rd period - Patrik Berglund wins face-off versus Derek Roy in Wild zone.
3:40 of 3rd period - Shot by Jason Arnott.
3:40 of 3rd period - Shot Blocked by Erik Gustafsson.
3:42 of 3rd period - Shot by Alexei Ponikarovsky.
3:42 of 3rd period - Shot Blocked by Jeff Schultz.
3:44 of 3rd period - Shot by Henrik Tallinder.
3:44 of 3rd period - Stopped by Kari Lehtonen without a rebound.
3:45 of 3rd period - Olli Jokinen wins face-off versus David Backes in Oilers zone.
4:38 of 3rd period - Minor Penalty to Tom Gilbert for Tripping.
4:39 of 3rd period - Manny Malhotra wins face-off versus Derek Roy in Wild zone.
5:39 of 3rd period - Shot by Jakub Voracek.
5:39 of 3rd period - Shot Misses the Net.
5:55 of 3rd period - Shot by Jason Pominville.
5:55 of 3rd period - Shot Misses the Net.
5:57 of 3rd period - Shot by Derek Roy.
5:57 of 3rd period - Stopped by Niklas Backstrom with a rebound.
5:59 of 3rd period - Shot by Scott Hannan.
5:59 of 3rd period - Goal by Scott Hannan - Oilers : 3 - Wild : 3.
6:00 of 3rd period - Olli Jokinen wins face-off versus Derek Roy in neutral zone.
6:59 of 3rd period - Icing by Scott Hannan.
7:00 of 3rd period - Jason Arnott wins face-off versus Brian Boyle in Oilers zone.
7:00 of 3rd period - Tom Gilbert is hit by Nate Guenin.
7:23 of 3rd period - Shot by Brian Rolston.
7:23 of 3rd period - Shot Misses the Net.
7:35 of 3rd period - Shot by Tom Gilbert.
7:35 of 3rd period - Shot Blocked by Nate Guenin.
10:13 of 3rd period - Bobby Ryan is hit by Jason Pominville and loses puck.
11:02 of 3rd period - Shot by Nicklas Lidstrom.
11:02 of 3rd period - Stopped by Kari Lehtonen without a rebound.
11:03 of 3rd period - Olli Jokinen wins face-off versus David Backes in Oilers zone.
11:09 of 3rd period - Minor Penalty to Chris Phillips for Tripping.
11:10 of 3rd period - Patrik Berglund wins face-off versus David Backes in Oilers zone.
11:58 of 3rd period - Shot by David Backes.
11:58 of 3rd period - Goal by David Backes - Oilers : 4 - Wild : 3.
11:59 of 3rd period - Olli Jokinen wins face-off versus Brian Boyle in neutral zone.
12:01 of 3rd period - Off-side.
12:02 of 3rd period - Brian Boyle wins face-off versus Olli Jokinen in neutral zone.
12:32 of 3rd period - Icing by Milan Michalek.
12:33 of 3rd period - Brian Boyle wins face-off versus Olli Jokinen in Wild zone.
13:18 of 3rd period - Shot by Jason Arnott.
13:18 of 3rd period - Shot Misses the Net.
13:23 of 3rd period - Scott Hannan is hit by Henrik Tallinder and loses puck.
13:26 of 3rd period - Shot by Nate Guenin.
13:26 of 3rd period - Stopped by Niklas Backstrom without a rebound.
13:27 of 3rd period - Patrik Berglund wins face-off versus Adam Burish in Wild zone.
13:57 of 3rd period - Milan Hejduk is hit by Chris Phillips and loses puck.
14:22 of 3rd period - Shot by Brian Rolston.
14:22 of 3rd period - Deflect By Alexei Ponikarovsky.
14:22 of 3rd period - Stopped by Kari Lehtonen without a rebound.
14:23 of 3rd period - David Backes wins face-off versus Olli Jokinen in Oilers zone.
14:40 of 3rd period - Shot by Milan Michalek.
14:40 of 3rd period - Shot Misses the Net.
15:21 of 3rd period - Icing by Fedor Tyutin.
15:22 of 3rd period - Brian Boyle wins face-off versus Olli Jokinen in Wild zone.
15:31 of 3rd period - Shot by Ruslan Fedotenko.
15:31 of 3rd period - Stopped by Niklas Backstrom without a rebound.
15:32 of 3rd period - Derek Roy wins face-off versus Jason Arnott in Wild zone.
16:46 of 3rd period - Shot by Mikael Samuelsson.
16:46 of 3rd period - Stopped by Niklas Backstrom without a rebound.
16:47 of 3rd period - Olli Jokinen wins face-off versus David Backes in Wild zone.
18:25 of 3rd period - Icing by Jan Hejda.
18:26 of 3rd period - Jason Arnott wins face-off versus Derek Roy in Oilers zone.
19:01 of 3rd period - Wild, Niklas Backstrom is pulled from the net.
19:39 of 3rd period - Shot by Bobby Ryan.
19:39 of 3rd period - Stopped by Kari Lehtonen with a rebound.
19:47 of 3rd period - Shot by Dany Heatley.
19:47 of 3rd period - Goal by Dany Heatley - Oilers : 5 - Wild : 3.
19:47 of 3rd period - Niklas Backstrom from Wild was sent back in the game.
19:48 of 3rd period - Patrik Berglund wins face-off versus David Backes in neutral zone.


Output by the SimonT Hockey Simulator (STHS) for Stephane Roy -- Original Page W3C XHTML 1.0 Valid
Hockey Simulator - Hockey Simulation - Hockey Manager